 Dungeon Crawl Stone Soup version 0.22-a0-147-gfdd7f25 (webtiles) character file.

107 varam the Firebug (level 4, -7/24 HPs)
             Began as a Tengu Fire Elementalist on Feb 6, 2018.
             Mangled by a bullfrog (9 damage)
             ... on level 3 of the Dungeon.
             The game lasted 00:08:46 (2272 turns).

varam the Firebug (Tengu Fire Elementalist)         Turns: 2272, Time: 00:08:46

Health: -7/24      AC:  3    Str:  9    XL:     4   Next: 86%
Magic:  1/8        EV: 12    Int: 16    God:
Gold:   170        SH:  0    Dex: 14    Spells: 1/7 levels left

rFire    . . .     SeeInvis .   i - +0 spear
rCold    . . .     Gourm    .   (no shield)
rNeg     . . .     Faith    +   a - +0 robe
rPois    .         Spirit   .   (helmet restricted)
rElec    .         Reflect  .   (no cloak)
rCorr    .         Harm     .   e - +0 pair of gloves (curse)
MR       .....                  (boots unavailable)
Stlth    ++++......             l - amulet of faith
HPRegen  0.08/turn              m - ring of stealth
MPRegen  0.11/turn              n - ring of stealth

@: no status effects
A: beak, talons 3
a: no special abilities


You were on level 3 of the Dungeon.
You were not hungry.

You visited 1 branch of the dungeon, and saw 4 of its levels.

You collected 170 gold pieces.

Inventory:

Hand Weapons
 i - a +0 spear (weapon)
Missiles
 j - 66 stones (quivered)
Armour
 a - a +0 robe (worn)
 e - a cursed +0 pair of gloves (worn)
Jewellery
 l - an amulet of faith (around neck)
 m - a ring of stealth (left hand)
 n - a ring of stealth (right hand)
 y - an uncursed amulet of rage {unknown}
Wands
 t - a wand of disintegration (17)
Scrolls
 d - 3 scrolls of identify {unknown}
 f - a scroll of fear {unknown}
 h - 3 scrolls of random uselessness
 k - 2 scrolls of blinking {unknown}
 p - 3 scrolls of teleportation {unknown}
 u - 2 scrolls of amnesia {unknown}
 v - 2 scrolls of immolation {unknown}
 w - a scroll of remove curse {unknown}
Potions
 g - 3 potions of flight {unknown}
 q - a potion of cancellation {unknown}
 r - a potion of ambrosia {unknown}
 s - a potion of haste {unknown}
 x - 2 potions of curing {unknown}
Books
 b - a book of Flames

   Spells                             Type                      Level
   a - Flame Tongue                   Conjuration/Fire             1
   b - Throw Flame                    Conjuration/Fire             2
   c - Conjure Flame                  Conjuration/Fire             3
   d - Inner Flame                    Hexes/Fire                   3
   e - Sticky Flame                   Conjuration/Fire             4
   f - Fireball                       Conjuration/Fire             5
Comestibles
 c - 5 rations
 o - 6 chunks of flesh


   Skills:
 - Level 2.1 Dodging
 - Level 2.0 Stealth
 - Level 2.0 Spellcasting
 + Level 4.2 Conjurations
 + Level 4.8 Fire Magic


You had one spell level left.
You knew the following spells:

 Your Spells              Type           Power        Failure   Level  Hunger
a - Flame Tongue          Conj/Fire      ###..        3%          1    #......
b - Throw Flame           Conj/Fire      ###...       4%          2    ###....
c - Conjure Flame         Conj/Fire      ###.....     10%         3    ###....


Dungeon Overview and Level Annotations

Branches:
Dungeon (4/15)
 Temple: D:4-7

Altars:

Annotations:
D:4 anet's ghost, novice DEWz


Innate Abilities, Weirdness & Mutations

You have a beak for a mouth.
You have claws for feet.


Message History

The bullfrog swells and bulges.
The bullfrog closely misses you. The bullfrog hits you!
* * * LOW HITPOINT WARNING * * *
The bullfrog barely misses you.
A rat comes into view.
The rat moves out of view.
The bullfrog misses you.
Casting: Throw Flame (safe; 4% risk of failure)
Confirm with . or Enter, or press ? or * to list all spells.
You don't know that spell.
Casting: Throw Flame (safe; 4% risk of failure)
Confirm with . or Enter, or press ? or * to list all spells.
Aiming: Flame Tongue (safe; 3% risk of failure)
Press: ? - help, Shift-Dir - straight line, f - necrophage, p - bullfrog
Aim: a necrophage The flame tongue hits the bullfrog.
The bullfrog is almost dead.
The bullfrog hits you!
You die...

......).......'.................#
######........#................#
###..######........#####..# #.##
##.....#.# #....# #.#
##...##.###.#.## #.#
########.......#.#.# #.# #..
...#.#####.....# #.# #.####.#.#
#.#.### #.###.##.@Fn.# #.#.#
#........#...# #...#
#####.####...#####.### #.#
#.).......# #.# #.#.####### #..
...### ########


You could see a necrophage and a bullfrog.

Vanquished Creatures
  An orc wizard (D:3)
  An adder (D:3)
  An ooze (D:3)
  2 worms (D:3)
  2 leopard geckos (D:2)
  11 orcs
  9 bats
  3 giant cockroaches
  4 goblins
  6 hobgoblins
  4 kobolds
  3 rats
47 creatures vanquished.

Notes
Turn   | Place    | Note
-------+----------+-------------------------------------------
     0 | D:1      | varam the Tengu Fire Elementalist began the quest for the Orb.
     0 | D:1      | Reached XP level 1. HP: 10/10 MP: 4/4
   255 | D:2      | Reached skill level 2 in Conjurations
   255 | D:2      | Reached XP level 2. HP: 9/15 MP: 1/6
   924 | D:2      | Reached XP level 3. HP: 18/19 MP: 3/7
   954 | D:2      | Reached skill level 4 in Fire Magic
  1137 | D:2      | Reached skill level 3 in Conjurations
  1595 | D:3      | Reached XP level 4. HP: 17/24 MP: 0/8
  1682 | D:3      | Noticed a necrophage
  1713 | D:4      | Noticed anet's ghost (novice DEWz)
  1854 | D:3      | Learned a level 2 spell: Throw Flame
  1858 | D:3      | Learned a level 3 spell: Conjure Flame
  1914 | D:3      | Reached skill level 4 in Conjurations
  2197 | D:3      | Noticed a bullfrog
  2265 | D:3      | HP: 2/24 [bullfrog (7)]
  2272 | D:3      | Mangled by a bullfrog

Vault maps used:
D:1:      lemuel_arrival_room, minmay_strange_pillars, minmay_misc_feat_hallway
D:2:      kennysheep_generic_room_3
D:3:      first_ration, chequers_ecumenical_altar_grove
D:4:      st_stairs_10

Skill      XL: |  1  2  3  4 |
---------------+-------------+-----
Conjurations   | 2 3 4 |  4.2
Fire Magic     | 4 |  4.8
Dodging        | |  2.1
Stealth        | |  2.0
Spellcasting   | |  2.0

Action                   |  1- 3 |  4- 6 || total
-------------------------+-------+-------++-------
Melee: Spear             |    20 |     9 ||    29
       Peck              |     3 |     2 ||     5
       Kick              |     3 |       ||     3
Throw: Stone             |     4 |       ||     4
 Cast: Flame Tongue      |    55 |    21 ||    76
       Throw Flame       |       |     8 ||     8
       Conjure Flame     |       |     1 ||     1
  Use: Scroll            |       |     1 ||     1
 Stab: Sleeping          |     6 |     1 ||     7
  Eat: Chunk             |     3 |     3 ||     6
Armor: Robe              |     9 |     2 ||    11
Dodge: Dodged            |    17 |    16 ||    33

Table legend:
 A = Spawn XP
 B = Non-spawn XP
 C = Spawn XP percentage of total XP
 D = Spawn monster count
 E = Non-spawn monster count
 F = Spawn count percentage of total count
 G = Total turns spent on level
                    A         B        C        D         E        F      G
               +---------+---------+-------+---------+---------+-------+---------
         Total |       0 |     154 |   0.0 |       0 |      47 |   0.0 |  2272
               +---------+---------+-------+---------+---------+-------+---------
           D:1 |       0 |      11 |   0.0 |       0 |       6 |   0.0 |   506
           D:2 |       0 |      34 |   0.0 |       0 |      16 |   0.0 |   924
           D:3 |       0 |     109 |   0.0 |       0 |      25 |   0.0 |   781
               +---------+---------+-------+---------+---------+-------+---------
